 Dungeon Crawl Stone Soup version 0.29.1-13-g9f3cf754e1 (webtiles) character file.

Game seed: 2007749649006026363

164 Thatpatchoflichen the Trooper (level 5, -4/34 HPs)
             Began as a Gargoyle Fighter on Feb 1, 2023.
             Slain by a gnoll bouda
             ... wielding a +0 whip
              (6 damage)
             ... on level 4 of the Dungeon.
             The game lasted 00:04:53 (3086 turns).

Thatpatchoflichen the Trooper (Gargoyle Fighter)    Turns: 3086, Time: 00:04:53

Health: -4/34      AC: 13    Str: 22    XL:     5   Next: 45%
Magic:  5/5        EV:  9    Int:  8    God:
Gold:   156        SH:  4    Dex:  9    Spells: 4/4 levels left

rFire   + . .      SeeInvis .   a - +0 flail
rCold   . . .      Faith    .   c - +0 buckler
rNeg    + . .      Spirit   .   b - +0 scale mail
rPois   ∞          Reflect  .   j - +2 hat
rElec   +          Harm     .   (no cloak)
rCorr   .          Rampage  .   (no gloves)
Will    .....                   (no boots)
Stlth   ..........              (no amulet)
HPRegen 0.11/turn               e - ring of protection from fire
MPRegen 0.09/turn               (no ring)

@: weakened
A: sickness immunity, AC +4, negative energy resistance 1, electricity
resistance, torment resistance 1, petrification resistance
a: no special abilities


You were on level 4 of the Dungeon.
You visited 1 branch of the dungeon, and saw 4 of its levels.

You collected 156 gold pieces.

Inventory:

Hand Weapons
 a - a +0 flail (weapon)
Missiles
 i - 5 poisoned darts (quivered)
Armour
 b - a +0 scale mail (worn)
 c - a +0 buckler (worn)
 j - a +2 hat (worn)
Jewellery
 e - a ring of protection from fire (left hand)
 w - a ring of wizardry
 x - a ring of ice
Scrolls
 g - a scroll of blinking {unknown}
 h - a scroll of teleportation {unknown}
 l - 2 scrolls of brand weapon {unknown}
 m - 3 scrolls of identify {unknown}
 n - a scroll of noise {unknown}
 q - a scroll of fear {unknown}
 s - a scroll of enchant armour {unknown}
 y - a scroll of enchant weapon {unknown}
Potions
 d - 4 potions of might
 f - a potion of heal wounds {unknown}
 k - 3 potions of curing {unknown}
 o - a potion of mutation {unknown}
 p - a potion of cancellation {unknown}
 r - a potion of degeneration {unknown}
 t - a potion of ambrosia {unknown}
 u - a potion of berserk rage {unknown}
 v - a potion of haste {unknown}


   Skills:
 + Level 4.3 Fighting
 + Level 3.2 Maces & Flails
 + Level 4.3 Armour
 + Level 4.3 Shields


You had 4 spell levels left.
You didn't know any spells.
Your spell library contained the following spells:

 Spells                   Type           Power      Damage    Failure   Level
 Shock                    Conj/Air       0%         1d3       82%         1
 Summon Small Mammal      Summ           0%         N/A       82%         1
 Call Canine Familiar     Summ           0%         N/A       99%         3
 Summon Guardian Golem    Hex/Summ       0%         N/A       99%         3
 Swiftness                Air            0%         N/A       99%         3
 Airstrike                Air            0%         2d(0-16)  100%        4


Dungeon Overview and Level Annotations

Branches:
Dungeon (4/15)
 Temple: D:4-7

Altars:


Innate Abilities, Weirdness & Mutations

You are immune to sickness and miasma.
Your stone body is resilient. (AC +4)
You are immune to poison.
You resist negative energy. (rN+)
You are resistant to electric shocks. (rElec)
You are resistant to unholy torment.
You are immune to petrification.


Message History

You feel your attacks grow feeble. The gnoll barely misses you.
The gnoll bouda barks out a call to the hunt!
The gnoll picks up the pace!
The gnoll hits you but does no damage.
The gnoll bouda gazes fiercely through you!
You feel as though you will be weak longer.
The gnoll bouda hits you but does no damage.
A gnoll comes into view. It is wielding a +0 whip.
You block the gnoll's attack.
You hit the gnoll.
The gnoll is heavily wounded.
The gnoll bouda hits you with a +0 whip.
The gnoll hits you but does no damage.
You sock the gnoll!
You kill the gnoll!
The gnoll bouda barks out a call to the hunt!
The gnoll picks up the pace!
You closely miss the gnoll. The gnoll bouda completely misses you.
The gnoll barely misses you.
You sock the gnoll!
The gnoll is severely wounded.
The gnoll bouda hits you with a +0 whip!
The gnoll hits you with a +0 whip.
* * * LOW HITPOINT WARNING * * *
The gnoll hits you with a +0 whip.
* * * LOW HITPOINT WARNING * * *
The gnoll bouda hits you but does no damage.
You hit the gnoll but do no damage.
The gnoll is severely wounded.
The gnoll bouda hits you but does no damage.
The gnoll hits you but does no damage.
You hit the gnoll but do no damage.
The gnoll is severely wounded.
The gnoll bouda hits you but does no damage.
The gnoll hits you but does no damage.
You hit the gnoll.
The gnoll is almost dead.
The gnoll bouda hits you with a +0 whip.
You die...

# #.# #.#
#.# #.#
########
##.#
.......#
##).#
######.#
#...# # #.#
##g##.#####
#.#
#.@g.....#
#.#
####.###.#
#.# # #.#
#.# #.# #.#
######.#
#.#
#......#
#.#


You could see a gnoll bouda and a gnoll (swift).

Vanquished Creatures
  An iguana (D:4)
  5 gnolls
  4 adders
  2 dart slugs
  A worm (D:2)
  2 orcs
  7 endoplasms
  6 goblins
  2 hobgoblins
  5 ball pythons
  2 bats (D:1)
  4 frilled lizards
  7 kobolds
  4 rats
52 creatures vanquished.

Notes
Turn   | Place    | Note
-------+----------+-------------------------------------------
     0 | D:1      | Thatpatchoflichen the Gargoyle Fighter began the quest for
                  | the Orb.
     0 | D:1      | Reached XP level 1. HP: 14/14 MP: 1/1
   128 | D:1      | Reached XP level 2. HP: 9/19 MP: 2/2
   751 | D:1      | Reached XP level 3. HP: 20/23 MP: 3/3
  1235 | D:2      | Found a faded altar of an unknown god.
  1380 | D:2      | HP: 1/24 [gnoll/+0 flail (1)]
  1668 | D:1      | HP: 1/24 [gnoll/+0 flail (7)]
  1670 | D:1      | Reached XP level 4. HP: 1/29 MP: 4/4
  2895 | D:4      | Reached XP level 5. HP: 33/33 MP: 5/5
  3086 | D:4      | Slain by a gnoll bouda

Illustrated notes

Levels and vault maps discovered:
D:1:      psy_arrival_radial02, layout_loops_ring
D:2:      layout_basic, chequers_ecumenical_altar_simple_redux
D:3:      layout_loops_ring
D:4:      layout_loops_ring, kennysheep_mini_moat, nzn_wu_jian_contemplation,
          grunt_qazlal_sundering, lightli_ossuary_entry_decrepit_ruins

Skill      XL: |  1  2  3  4 |
---------------+-------------+-----
Armour         | 4 |  4.3
Fighting       | 4 |  4.3
Shields        | 4 |  4.3
Maces & Flails | 3 |  3.2

Action                   |  1- 3 |  4- 6 || total
-------------------------+-------+-------++-------
Melee: Flail             |   100 |   101 ||   201
Armor: Scale mail        |    69 |    51 ||   120
Dodge: Dodged            |    50 |    47 ||    97
Block: Buckler           |    21 |    32 ||    53
